Senateurs vs Stars

Created - December 28, 2022 at 22:03

Goals
1 2 3 T
Senateurs 1 0 0 1
Stars 1 1 0 2
Shots
1 2 3 T
Senateurs 8 14 7 29
Stars 4 9 13 26

1st period

1. Stars , Jonathan Drouin 3 (Cory Emmerton 5, Cam Atkinson 8) at 11:09
2. Senateurs , Rostislav Olesz 5 (Jared Cowen 15, Tomas Nosek 1) at 12:42 (SH)

Penalties :
Tyler Wotherspoon (Dal) for Tripping (Minor) at 1:36, Guillaume Latendresse (Dal) for Roughing (Minor) at 6:44, Michael Frolik (Ott) for Holding (Minor) at 11:12, Tobias Rieder (Dal) for Hooking (Minor) at 19:07

2nd period

3. Stars , Cory Emmerton 5 (Jonathan Drouin 4, Scott Kosmachuck 5) at 10:17

Penalties :
Paul Ladue (Dal) for Hooking (Minor) at 4:13, Andrew Ladd (Dal) for Hooking (Minor) at 13:11, Garnet Hathaway (Ott) for Hooking (Minor) at 16:54

3rd period

No Goal

Penalties :
Brian Lee (Dal) for High sticking (Minor) at 3:14

Goalie Stats

Brian Elliott (Ott), 24 saves from 26 shots - (0.923), L, 2-3-1, 59:10 minutes
Matt Murray (Dal), 28 saves from 29 shots - (0.966), W, 12-6-2, 60:00 minutes

Players Stats for Senateurs

Player Name              G  A  P  +/- PIM S  H  SB GA TA FO     MP     PP MP  PK MP  
------------------------------------------------------------------------------------
Cody Eakin               0  0  0   0  0   0  0  0  0  0  2/3    11:27   0:00   0:50 
Eric Gelinas             0  0  0   1  0   1  4  1  0  0  0/0    24:35   5:48   2:18 
Evgeni Malkin            0  0  0  -1  0   3  2  1  0  0  4/11   16:58   5:19   0:27 
Garnet Hathaway          0  0  0   0  2   1  1  0  1  0  0/1     8:18   0:00   0:00 
Jared Cowen              0  1  1   0  0   1  1  0  0  1  0/0    24:40   6:06   2:10 
Jason Akeson             0  0  0   0  0   4  0  1  0  0  0/0    10:16   0:00   0:00 
Jeff Woywitka            0  0  0  -1  0   0  0  0  2  0  0/0    12:56   0:00   0:08 
Jordan Martinook         0  0  0   0  0   3  0  0  0  0  0/0    10:14   0:13   1:16 
Jordan Schmaltz          0  0  0  -1  0   0  0  0  0  2  0/0    22:44   6:06   1:40 
Ladislav Smid            0  0  0   0  0   0  1  3  1  0  0/0    22:24   5:48   1:40 
Michael Frolik           0  0  0  -1  2   4  0  0  1  0  1/2    21:56   6:35   1:01 
Michael Matheson         0  0  0  -1  0   2  0  1  0  1  0/0    12:41   0:00   0:00 
Oliver Bjorkstrand       0  0  0  -1  0   0  1  0  0  0  0/0    16:31   5:19   0:00 
Rostislav Olesz          1  0  1   0  0   3  0  1  0  1  0/1    16:59   5:19   0:28 
Sean Bergenheim          0  0  0  -1  0   0  3  0  0  0  1/1    19:09   6:22   0:00 
Sidney Crosby            0  0  0  -1  0   1  2  0  2  1  14/27  23:11   6:35   2:15 
Tim Schaller             0  0  0   0  0   5  4  0  1  0  1/1    11:35   0:00   0:00 
Tomas Nosek              0  1  1   1  0   1  0  0  0  0  3/4     9:26   0:00   1:39 

Players Stats for Stars

Player Name              G  A  P  +/- PIM S  H  SB GA TA FO     MP     PP MP  PK MP  
------------------------------------------------------------------------------------
Alex Chiasson            0  0  0   0  0   2  2  0  0  0  0/0    17:02   1:21   3:53 
Andrej Sustr             0  0  0   0  0   0  1  1  0  2  0/0    23:07   1:40   5:07 
Andrew Ladd              0  0  0   0  2   1  0  0  0  1  0/0    14:22   1:21   1:03 
Anton Cederholm          0  0  0   0  0   2  1  2  0  0  0/0    16:09   0:00   2:13 
Brian Lee                0  0  0  -1  2   0  1  2  1  1  0/0    27:08   2:18   5:36 
Cam Atkinson             0  1  1   0  0   3  1  0  0  0  1/1    11:20   0:29   0:00 
Cory Emmerton            1  1  2   2  0   2  2  0  1  1  2/3     9:48   0:00   2:16 
Evgeny Grachev           0  0  0  -1  0   1  1  0  0  0  1/4    12:51   1:21   0:00 
Evgeny Kuznetsov         0  0  0   0  0   0  1  0  0  0  1/3    10:51   0:00   0:00 
Guillaume Latendresse    0  0  0   0  2   2  1  0  0  0  1/3    19:46   2:08   3:26 
John Tavares             0  0  0   0  0   4  3  0  1  0  19/36  22:51   2:08   6:37 
Jonathan Drouin          1  1  2   2  0   1  0  0  0  0  0/0     7:13   0:00   0:00 
Michael Grabner          0  0  0   0  0   3  1  1  1  0  0/1    22:42   2:08   6:33 
Paul Ladue               0  0  0   0  2   1  2  3  0  1  0/0    21:55   2:18   5:42 
Scott Kosmachuck         0  1  1   2  0   0  1  0  0  0  0/0     7:42   0:29   0:00 
Tobias Rieder            0  0  0   0  2   1  1  0  0  1  0/0    11:26   0:29   0:00 
Tyler Wotherspoon        0  0  0   1  2   0  0  1  1  1  0/0    12:28   0:00   1:30 
Tyson Barrie             0  0  0   0  0   3  0  0  1  0  0/0    19:19   1:40   3:40 

3 Stars

1 - Cory Emmerton (Dal)
2 - Jonathan Drouin (Dal)
3 - Matt Murray (Dal)

Power Play

Senateurs - 0 on 6 Attempt(s) - 0.00%
Stars - 0 on 2 Attempt(s) - 0.00%

Penalty Kill

Senateurs - 2 on 2 Attempt(s) - 100.00% - Score 1 goal in Penalty Kill
Stars - 6 on 6 Attempt(s) - 100.00% - Score 0 goal in Penalty Kill

Team Stat

Senateurs - Hits : 19 - Faceoff Wins : 26 - Blocked Shots : 8 - Penalty Minutes : 4
Stars - Hits : 19 - Faceoff Wins : 25 - Blocked Shots : 10 - Penalty Minutes : 12

Official

Referees : Brian Pochmara and Kelly Sutherland
Linesman : Steve Barton and Ryan Daisy

Game Notes

No Game Note

Finance

Level 1 -- Attendance: 6000 (100.00%) -- Ticket Income $600,000
Level 2 -- Attendance: 4582 (91.64%) -- Ticket Income $274,920
Level 3 -- Attendance: 2000 (100.00%) -- Ticket Income $70,000
Level 4 -- Attendance: 3844 (96.10%) -- Ticket Income $96,100
Luxury Box -- Attendance: 935 (93.50%) -- Ticket Income $187,000
Game was played at the American Airlines Center.
Total Attendance: 17361 (96.45%)
Total Ticket Income: $1,228,020
Other Income: $184,203
Total Income: $1,412,223

Senateurs

5 vs 5 Forward 
   Center                   Left Wing                Right Wing               Time % Phy DF OF 
 1 Sidney Crosby            Sean Bergenheim          Michael Frolik           40     0   2  3  
 2 Evgeni Malkin            Rostislav Olesz          Oliver Bjorkstrand       30     0   2  3  
 3 Cody Eakin               Tim Schaller             Jason Akeson             25     0   2  3  
 4 Tomas Nosek              Jordan Martinook         Garnet Hathaway          5      0   2  3  

5 vs 5 Defense 
   Defense                  Defense                                           Time % Phy DF OF 
 1 Jared Cowen              Jordan Schmaltz                                   35     0   3  2  
 2 Eric Gelinas             Ladislav Smid                                     35     0   3  2  
 3 Jeff Woywitka            Michael Matheson                                  30     0   4  1  
 4 Jared Cowen              Eric Gelinas                                      0      0   3  2  

PowerPlay Forward 
   Center                   Left Wing                Right Wing               Time % Phy DF OF 
 1 Sidney Crosby            Sean Bergenheim          Michael Frolik           60     0   0  5  
 2 Evgeni Malkin            Rostislav Olesz          Oliver Bjorkstrand       40     0   0  5  

PowerPlay Defense
   Defense                  Defense                                           Time % Phy DF OF 
 1 Jared Cowen              Jordan Schmaltz                                   60     0   0  5  
 2 Eric Gelinas             Ladislav Smid                                     40     0   1  4  

Penalty Kill 4 Players Forward 
   Center                   Wing                     Time % Phy DF OF 
 1 Sidney Crosby            Michael Frolik           60     0   5  0  
 2 Evgeni Malkin            Tomas Nosek              40     0   5  0  

Penalty Kill 4 Players Defense
   Defense                  Defense                  Time % Phy DF OF 
 1 Jared Cowen              Eric Gelinas             60     0   5  0  
 2 Ladislav Smid            Jordan Schmaltz          40     0   5  0  

Penalty Kill - 3 Players Forward 
   Forward                                           Time % Phy DF OF 
 1 Sidney Crosby                                     60     0   5  0  
 2 Evgeni Malkin                                     40     0   5  0  

Penalty Kill - 3 Players Defense
   Defense                  Defense                  Time % Phy DF OF 
 1 Jared Cowen              Ladislav Smid            60     0   5  0  
 2 Eric Gelinas             Jordan Schmaltz          40     0   5  0  

4 vs 4 Forward 
   Center                   Wing                     Time % Phy DF OF 
 1 Sidney Crosby            Sean Bergenheim          60     1   2  2  
 2 Evgeni Malkin            Rostislav Olesz          40     1   2  2  

4 vs 4 Defense
   Defense                  Defense                  Time % Phy DF OF 
 1 Jared Cowen              Jordan Schmaltz          60     1   2  2  
 2 Eric Gelinas             Ladislav Smid            40     1   2  2  

Last Minutes Offensive
   Center                   Left Wing                Right Wing               Defense                  Defense                  
   Sidney Crosby            Tim Schaller             Michael Frolik           Jared Cowen              Eric Gelinas             

Last Minutes Defensive
   Center                   Left Wing                Right Wing               Defense                  Defense                  
   Tomas Nosek              Sean Bergenheim          Oliver Bjorkstrand       Jared Cowen              Ladislav Smid            

Goaltenders
Starting : Brian Elliott            
Backup : Jonathan Bernier         

Extra Forwards
Normal : Oliver Bjorkstrand, Sidney Crosby, Tim Schaller - PP : Michael Frolik, Sean Bergenheim - PK : Tomas Nosek
Extra Defensemen
Normal : Eric Gelinas, Michael Matheson, Jeff Woywitka - PP : Jordan Schmaltz - PK : Ladislav Smid, Jared Cowen
Penalty Shots
Sidney Crosby, Evgeni Malkin, Cody Eakin, Tim Schaller, Michael Frolik

Scratches
David Backes (Abdomen/Ribs Injury), Taylor Chorney (Sprained Right Ankle Injury)

Stars

5 vs 5 Forward 
   Center                   Left Wing                Right Wing               Time % Phy DF OF 
 1 John Tavares             Guillaume Latendresse    Michael Grabner          40     1   2  2  
 2 Evgeny Grachev           Andrew Ladd              Alex Chiasson            30     1   2  2  
 3 Evgeny Kuznetsov         Tobias Rieder            Cam Atkinson             20     1   2  2  
 4 Cory Emmerton            Jonathan Drouin          Scott Kosmachuck         10     1   2  2  

5 vs 5 Defense 
   Defense                  Defense                                           Time % Phy DF OF 
 1 Andrej Sustr             Brian Lee                                         40     1   2  2  
 2 Anton Cederholm          Tyson Barrie                                      30     1   2  2  
 3 Tyler Wotherspoon        Paul Ladue                                        20     1   2  2  
 4 Paul Ladue               Brian Lee                                         10     1   2  2  

PowerPlay Forward 
   Center                   Left Wing                Right Wing               Time % Phy DF OF 
 1 John Tavares             Guillaume Latendresse    Michael Grabner          60     0   2  3  
 2 Evgeny Grachev           Andrew Ladd              Alex Chiasson            40     0   2  3  

PowerPlay Defense
   Defense                  Defense                                           Time % Phy DF OF 
 1 Paul Ladue               Brian Lee                                         60     1   2  2  
 2 Andrej Sustr             Tyson Barrie                                      40     1   2  2  

Penalty Kill 4 Players Forward 
   Center                   Wing                     Time % Phy DF OF 
 1 John Tavares             Michael Grabner          60     1   2  2  
 2 Guillaume Latendresse    Alex Chiasson            40     1   2  2  

Penalty Kill 4 Players Defense
   Defense                  Defense                  Time % Phy DF OF 
 1 Paul Ladue               Brian Lee                60     0   3  2  
 2 Andrej Sustr             Tyson Barrie             40     0   3  2  

Penalty Kill - 3 Players Forward 
   Forward                                           Time % Phy DF OF 
 1 John Tavares                                      60     1   2  2  
 2 Michael Grabner                                   40     1   2  2  

Penalty Kill - 3 Players Defense
   Defense                  Defense                  Time % Phy DF OF 
 1 Paul Ladue               Brian Lee                60     0   3  2  
 2 Andrej Sustr             Tyson Barrie             40     0   3  2  

4 vs 4 Forward 
   Center                   Wing                     Time % Phy DF OF 
 1 John Tavares             Michael Grabner          60     0   2  3  
 2 Guillaume Latendresse    Alex Chiasson            40     0   2  3  

4 vs 4 Defense
   Defense                  Defense                  Time % Phy DF OF 
 1 Paul Ladue               Brian Lee                60     1   2  2  
 2 Andrej Sustr             Tyson Barrie             40     1   2  2  

Last Minutes Offensive
   Center                   Left Wing                Right Wing               Defense                  Defense                  
   John Tavares             Guillaume Latendresse    Michael Grabner          Paul Ladue               Brian Lee                

Last Minutes Defensive
   Center                   Left Wing                Right Wing               Defense                  Defense                  
   John Tavares             Guillaume Latendresse    Michael Grabner          Paul Ladue               Brian Lee                

Goaltenders
Starting : Matt Murray              
Backup : Jhonas Enroth            

Extra Forwards
Normal : Scott Kosmachuck, Tobias Rieder, Cory Emmerton - PP : Scott Kosmachuck, Tobias Rieder - PK : Cory Emmerton
Extra Defensemen
Normal : Tyler Wotherspoon, Paul Ladue, Andrej Sustr - PP : Tyler Wotherspoon - PK : Paul Ladue, Andrej Sustr
Penalty Shots
John Tavares, Michael Grabner, Guillaume Latendresse, Alex Chiasson, Andrew Ladd

Scratches
Boris Valabik (Healthy), Tyler Brenner (Healthy)

% Time on Ice - Senateurs

Lines # - Real PCT - Wanted PCT - Time Play
Normal Forward
1 - 32% - 40% - 13:34
2 - 26% - 30% - 11:23
3 - 24% - 25% - 10:16
4 - 18% - 5% - 7:47
Normal Defense
1 - 36% - 35% - 15:23
2 - 35% - 35% - 14:56
3 - 29% - 30% - 12:41
4 - 0% - 0% - 0:00
PP Forward
1 - 55% - 60% - 6:35
2 - 45% - 40% - 5:19
PP Defense
1 - 51% - 60% - 6:06
2 - 49% - 40% - 5:48
PK Forward
1 - 89% - 60% - 3:31
2 - 11% - 40% - 0:27
PK Defense
1 - 58% - 60% - 2:18
2 - 42% - 40% - 1:40
PK3 Forward
1 - 0% - 60%
2 - 0% - 40%
PK3 Defense
1 - 0% - 60%
2 - 0% - 40%
44 Forward
1 - 0% - 60%
2 - 0% - 40%
44 Defense
1 - 0% - 60%
2 - 0% - 40%
Last Minute Offensive  - 1:08
Last Minute Defensive  - 0:00
Total
Forward - 60:00
Defense - 60:00

% Time on Ice - Stars

Lines # - Real PCT - Wanted PCT - Time Play
Normal Forward
1 - 31% - 40% - 13:18
2 - 27% - 30% - 11:39
3 - 25% - 20% - 10:51
4 - 17% - 10% - 7:13
Normal Defense
1 - 43% - 40% - 18:23
2 - 29% - 30% - 12:37
3 - 22% - 20% - 9:25
4 - 6% - 10% - 2:36
PP Forward
1 - 54% - 60% - 2:08
2 - 46% - 40% - 1:50
PP Defense
1 - 58% - 60% - 2:18
2 - 42% - 40% - 1:40
PK Forward
1 - 67% - 60% - 8:01
2 - 33% - 40% - 3:53
PK Defense
1 - 69% - 60% - 8:14
2 - 31% - 40% - 3:40
PK3 Forward
1 - 0% - 60%
2 - 0% - 40%
PK3 Defense
1 - 0% - 60%
2 - 0% - 40%
44 Forward
1 - 0% - 60%
2 - 0% - 40%
44 Defense
1 - 0% - 60%
2 - 0% - 40%
Last Minute Offensive  - 0:00
Last Minute Defensive  - 1:07
Total
Forward - 60:00
Defense - 60:00

Play-by-Play

1st period


0:01 of 1st period - Sidney Crosby wins face-off versus John Tavares in neutral zone.
0:25 of 1st period - Jared Cowen is hit by Alex Chiasson.
0:47 of 1st period - Backhand shot by Jason Akeson.
0:47 of 1st period - Stopped by Matt Murray with a rebound.
0:53 of 1st period - Slapshot by Cody Eakin.
0:53 of 1st period - Deflect By Jason Akeson.
0:53 of 1st period - Stopped by Matt Murray without a rebound.
0:54 of 1st period - Cory Emmerton wins face-off versus Tomas Nosek in Stars zone.
1:21 of 1st period - Ladislav Smid is hit by John Tavares and loses puck.
1:36 of 1st period - Minor Penalty to Tyler Wotherspoon for Tripping.
1:37 of 1st period - John Tavares wins face-off versus Sidney Crosby in Stars zone.
1:37 of 1st period - John Tavares is hit by Sidney Crosby.
1:56 of 1st period - Jared Cowen is hit by Michael Grabner and loses puck.
3:07 of 1st period - Evgeni Malkin is hit by Cory Emmerton and loses puck.
3:30 of 1st period - Michael Frolik is hit by Paul Ladue and loses puck.
3:34 of 1st period - Icing by Jared Cowen.
3:35 of 1st period - Sidney Crosby wins face-off versus Guillaume Latendresse in Senateurs zone.
3:36 of 1st period - Penalty to Tyler Wotherspoon is over, Tyler Wotherspoon is back on ice.
4:10 of 1st period - Jordan Martinook is hit by Alex Chiasson and loses puck.
5:11 of 1st period - Snap shot by Sidney Crosby.
5:11 of 1st period - Shot Misses the Net.
5:17 of 1st period - Andrej Sustr is hit by Eric Gelinas and loses puck.
6:16 of 1st period - Tim Schaller is hit by Andrej Sustr and loses puck.
6:31 of 1st period - Icing by Garnet Hathaway.
6:32 of 1st period - Tomas Nosek wins face-off versus John Tavares in Senateurs zone.
6:44 of 1st period - Minor Penalty to Guillaume Latendresse for Roughing.
6:45 of 1st period - Sidney Crosby wins face-off versus John Tavares in Stars zone.
6:47 of 1st period - Slapshot by Michael Frolik.
6:47 of 1st period - Shot Misses the Net.
6:49 of 1st period - Snap shot by Sidney Crosby.
6:49 of 1st period - Shot Blocked by Brian Lee.
6:51 of 1st period - Backhand shot by Jordan Schmaltz.
6:51 of 1st period - Deflect By Sean Bergenheim.
6:51 of 1st period - Shot Blocked by Paul Ladue.
6:51 of 1st period - Puck is out of play.
6:52 of 1st period - John Tavares wins face-off versus Sidney Crosby in Stars zone.
8:44 of 1st period - Penalty to Guillaume Latendresse is over, Guillaume Latendresse is back on ice.
9:13 of 1st period - Tomas Nosek is hit by Evgeny Grachev and loses puck.
9:42 of 1st period - Snap shot by Jordan Martinook.
9:42 of 1st period - Stopped by Matt Murray without a rebound.
9:43 of 1st period - Tomas Nosek wins face-off versus Evgeny Kuznetsov in Stars zone.
10:00 of 1st period - Wrist shot by Cam Atkinson.
10:00 of 1st period - Stopped by Brian Elliott with a rebound.
10:20 of 1st period - Wrist shot by Michael Frolik.
10:20 of 1st period - Stopped by Matt Murray with a rebound.
10:35 of 1st period - Icing by Oliver Bjorkstrand.
10:36 of 1st period - John Tavares wins face-off versus Evgeni Malkin in Senateurs zone.
11:09 of 1st period - Wrist shot by Jonathan Drouin.
11:09 of 1st period - Goal by Jonathan Drouin - Senateurs : 0 - Stars : 1.
11:10 of 1st period - Sidney Crosby wins face-off versus John Tavares in neutral zone.
11:12 of 1st period - Minor Penalty to Michael Frolik for Holding.
11:13 of 1st period - Sidney Crosby wins face-off versus John Tavares in Senateurs zone.
11:21 of 1st period - Backhand shot by Brian Lee.
11:21 of 1st period - Shot Blocked by Eric Gelinas.
12:28 of 1st period - Icing by Paul Ladue.
12:29 of 1st period - Tomas Nosek wins face-off versus Evgeny Grachev in Stars zone.
12:42 of 1st period - Snap shot by Rostislav Olesz.
12:42 of 1st period - Goal by Rostislav Olesz - Senateurs : 1 - Stars : 1.
12:43 of 1st period - John Tavares wins face-off versus Sidney Crosby in neutral zone.
13:12 of 1st period - Penalty to Michael Frolik is over, Michael Frolik is back on ice.
13:29 of 1st period - Snap shot by Jared Cowen.
13:29 of 1st period - Deflect By Jordan Martinook.
13:29 of 1st period - Shot Blocked by Paul Ladue.
13:29 of 1st period - Puck is out of play.
13:30 of 1st period - Evgeny Kuznetsov wins face-off versus Evgeni Malkin in Stars zone.
13:35 of 1st period - Snap shot by Evgeni Malkin.
13:35 of 1st period - Stopped by Matt Murray without a rebound.
13:36 of 1st period - Cam Atkinson wins face-off versus Evgeni Malkin in Stars zone.
14:45 of 1st period - Wrist shot by Jordan Martinook.
14:45 of 1st period - Stopped by Matt Murray without a rebound.
14:46 of 1st period - Cory Emmerton wins face-off versus Sidney Crosby in Stars zone.
14:48 of 1st period - Icing by Paul Ladue.
14:49 of 1st period - Michael Frolik wins face-off versus Cory Emmerton in Stars zone.
14:58 of 1st period - Snap shot by Sean Bergenheim.
14:58 of 1st period - Shot Blocked by Paul Ladue.
15:04 of 1st period - Slapshot by Paul Ladue.
15:04 of 1st period - Deflect By Jonathan Drouin.
15:04 of 1st period - Shot Misses the Net.
15:04 of 1st period - Puck is out of play.
15:05 of 1st period - John Tavares wins face-off versus Evgeni Malkin in Senateurs zone.
15:30 of 1st period - Alex Chiasson is hit by Eric Gelinas.
15:58 of 1st period - Wrist shot by Michael Frolik.
15:58 of 1st period - Shot Misses the Net.
16:00 of 1st period - Slapshot by Ladislav Smid.
16:00 of 1st period - Shot Misses the Net.
16:02 of 1st period - Snap shot by Michael Frolik.
16:02 of 1st period - Stopped by Matt Murray without a rebound.
16:03 of 1st period - Evgeni Malkin wins face-off versus Michael Grabner in Stars zone.
16:39 of 1st period - Andrew Ladd is hit by Sean Bergenheim and loses puck.
16:54 of 1st period - Cody Eakin is hit by Brian Lee and loses puck.
17:03 of 1st period - Slapshot by Cam Atkinson.
17:03 of 1st period - Stopped by Brian Elliott with a rebound.
18:10 of 1st period - Wrist shot by Evgeny Grachev.
18:10 of 1st period - Deflect By Andrew Ladd.
18:10 of 1st period - Shot Blocked by Ladislav Smid.
18:10 of 1st period - Puck is out of play.
18:11 of 1st period - John Tavares wins face-off versus Evgeni Malkin in Senateurs zone.
18:14 of 1st period - Wrist shot by John Tavares.
18:14 of 1st period - Stopped by Brian Elliott without a rebound.
18:15 of 1st period - John Tavares wins face-off versus Evgeni Malkin in Senateurs zone.
19:07 of 1st period - Minor Penalty to Tobias Rieder for Hooking.
19:08 of 1st period - John Tavares wins face-off versus Sidney Crosby in Stars zone.
19:58 of 1st period - John Tavares is hit by Sean Bergenheim and loses puck.
Goals for this period are 1 for Senateurs vs 1 for Stars.
Shots for this period are 8 for Senateurs vs 4 for Stars.

2nd period


0:01 of 2nd period - John Tavares wins face-off versus Sidney Crosby in neutral zone.
0:14 of 2nd period - Snap shot by Michael Frolik.
0:14 of 2nd period - Shot Misses the Net.
0:32 of 2nd period - Snap shot by Alex Chiasson.
0:32 of 2nd period - Deflect By Evgeni Malkin.
0:32 of 2nd period - Stopped by Brian Elliott without a rebound.
0:33 of 2nd period - Evgeni Malkin wins face-off versus Guillaume Latendresse in Senateurs zone.
0:57 of 2nd period - Off-side.
0:58 of 2nd period - Sidney Crosby wins face-off versus John Tavares in neutral zone.
1:01 of 2nd period - Slapshot by Jared Cowen.
1:01 of 2nd period - Stopped by Matt Murray without a rebound.
1:02 of 2nd period - Sidney Crosby wins face-off versus John Tavares in Stars zone.
1:07 of 2nd period - Penalty to Tobias Rieder is over, Tobias Rieder is back on ice.
1:13 of 2nd period - Slapshot by Sidney Crosby.
1:13 of 2nd period - Stopped by Matt Murray without a rebound.
1:14 of 2nd period - John Tavares wins face-off versus Sidney Crosby in Stars zone.
1:14 of 2nd period - John Tavares is hit by Sidney Crosby.
1:40 of 2nd period - Sean Bergenheim is hit by Evgeny Kuznetsov.
1:48 of 2nd period - Snap shot by Michael Frolik.
1:48 of 2nd period - Stopped by Matt Murray without a rebound.
1:49 of 2nd period - Evgeni Malkin wins face-off versus John Tavares in Stars zone.
1:50 of 2nd period - Wrist shot by Rostislav Olesz.
1:50 of 2nd period - Stopped by Matt Murray with a rebound.
2:02 of 2nd period - Slapshot by Eric Gelinas.
2:02 of 2nd period - Stopped by Matt Murray with a rebound.
2:31 of 2nd period - Tobias Rieder is hit by Tim Schaller and loses puck.
2:50 of 2nd period - Snap shot by Andrew Ladd.
2:50 of 2nd period - Shot Hit the Post.
2:52 of 2nd period - Snap shot by Anton Cederholm.
2:52 of 2nd period - Stopped by Brian Elliott with a rebound.
3:10 of 2nd period - Jared Cowen is hit by John Tavares and loses puck.
3:50 of 2nd period - Snap shot by Cam Atkinson.
3:50 of 2nd period - Stopped by Brian Elliott without a rebound.
3:51 of 2nd period - Sidney Crosby wins face-off versus John Tavares in Senateurs zone.
3:51 of 2nd period - Sidney Crosby is hit by Guillaume Latendresse.
4:13 of 2nd period - Minor Penalty to Paul Ladue for Hooking.
4:14 of 2nd period - John Tavares wins face-off versus Sidney Crosby in Stars zone.
4:41 of 2nd period - Andrej Sustr is hit by Evgeni Malkin and loses puck.
6:13 of 2nd period - Penalty to Paul Ladue is over, Paul Ladue is back on ice.
6:18 of 2nd period - Andrew Ladd is hit by Oliver Bjorkstrand and loses puck.
6:29 of 2nd period - Tyler Wotherspoon is hit by Tim Schaller and loses puck.
7:08 of 2nd period - Anton Cederholm is hit by Tim Schaller and loses puck.
7:54 of 2nd period - Wrist shot by Tobias Rieder.
7:54 of 2nd period - Stopped by Brian Elliott with a rebound.
8:32 of 2nd period - Cory Emmerton is hit by Eric Gelinas and loses puck.
9:04 of 2nd period - Snap shot by Cam Atkinson.
9:04 of 2nd period - Shot Blocked by Jason Akeson.
9:06 of 2nd period - Slapshot by Tyson Barrie.
9:06 of 2nd period - Stopped by Brian Elliott with a rebound.
9:44 of 2nd period - Eric Gelinas is hit by Scott Kosmachuck and loses puck.
9:57 of 2nd period - Cory Emmerton is hit by Sean Bergenheim and loses puck.
10:04 of 2nd period - Jordan Schmaltz is hit by Cory Emmerton and loses puck.
10:17 of 2nd period - Snap shot by Cory Emmerton.
10:17 of 2nd period - Goal by Cory Emmerton - Senateurs : 1 - Stars : 2.
10:18 of 2nd period - Guillaume Latendresse wins face-off versus Rostislav Olesz in neutral zone.
10:26 of 2nd period - Backhand shot by Oliver Bjorkstrand.
10:26 of 2nd period - Shot Misses the Net.
10:48 of 2nd period - Slapshot by Alex Chiasson.
10:48 of 2nd period - Stopped by Brian Elliott with a rebound.
11:08 of 2nd period - Wrist shot by Jason Akeson.
11:08 of 2nd period - Stopped by Matt Murray with a rebound.
11:10 of 2nd period - Slapshot by Jordan Schmaltz.
11:10 of 2nd period - Shot Blocked by Brian Lee.
11:24 of 2nd period - Slapshot by Evgeny Grachev.
11:24 of 2nd period - Stopped by Brian Elliott without a rebound.
11:25 of 2nd period - John Tavares wins face-off versus Evgeni Malkin in Senateurs zone.
11:36 of 2nd period - Snap shot by Rostislav Olesz.
11:36 of 2nd period - Shot Misses the Net.
11:38 of 2nd period - Snap shot by Rostislav Olesz.
11:38 of 2nd period - Deflect By Evgeni Malkin.
11:38 of 2nd period - Stopped by Matt Murray with a rebound.
11:40 of 2nd period - Wrist shot by Rostislav Olesz.
11:40 of 2nd period - Shot Blocked by Anton Cederholm.
11:50 of 2nd period - Sidney Crosby is hit by Cam Atkinson and loses puck.
12:14 of 2nd period - Snap shot by Tim Schaller.
12:14 of 2nd period - Shot Misses the Net.
12:20 of 2nd period - Slapshot by Tim Schaller.
12:20 of 2nd period - Stopped by Matt Murray with a rebound.
12:22 of 2nd period - Wrist shot by Jason Akeson.
12:22 of 2nd period - Stopped by Matt Murray with a rebound.
12:34 of 2nd period - Snap shot by Michael Grabner.
12:34 of 2nd period - Stopped by Brian Elliott with a rebound.
13:03 of 2nd period - Snap shot by Jordan Martinook.
13:03 of 2nd period - Stopped by Matt Murray with a rebound.
13:05 of 2nd period - Backhand shot by Tomas Nosek.
13:05 of 2nd period - Shot Misses the Net.
13:11 of 2nd period - Minor Penalty to Andrew Ladd for Hooking.
13:12 of 2nd period - Sidney Crosby wins face-off versus John Tavares in Stars zone.
14:33 of 2nd period - Eric Gelinas is hit by John Tavares and loses puck.
15:08 of 2nd period - Guillaume Latendresse is hit by Evgeni Malkin and loses puck.
15:11 of 2nd period - Penalty to Andrew Ladd is over, Andrew Ladd is back on ice.
15:46 of 2nd period - Wrist shot by Jordan Martinook.
15:46 of 2nd period - Deflect By Tyler Wotherspoon.
15:46 of 2nd period - Shot Misses the Net.
15:46 of 2nd period - Puck is out of play.
15:47 of 2nd period - Evgeny Grachev wins face-off versus Garnet Hathaway in Stars zone.
16:02 of 2nd period - Slapshot by Michael Matheson.
16:02 of 2nd period - Stopped by Matt Murray with a rebound.
16:06 of 2nd period - Wrist shot by Garnet Hathaway.
16:06 of 2nd period - Shot Misses the Net.
16:08 of 2nd period - Snap shot by Garnet Hathaway.
16:08 of 2nd period - Stopped by Matt Murray with a rebound.
16:10 of 2nd period - Snap shot by Garnet Hathaway.
16:10 of 2nd period - Shot Misses the Net.
16:12 of 2nd period - Snap shot by Jordan Martinook.
16:12 of 2nd period - Shot Misses the Net.
16:14 of 2nd period - Slapshot by Jordan Schmaltz.
16:14 of 2nd period - Shot Misses the Net.
16:16 of 2nd period - Wrist shot by Jordan Martinook.
16:16 of 2nd period - Shot Misses the Net.
16:18 of 2nd period - Wrist shot by Tomas Nosek.
16:18 of 2nd period - Stopped by Matt Murray with a rebound.
16:54 of 2nd period - Minor Penalty to Garnet Hathaway for Hooking.
16:55 of 2nd period - Sidney Crosby wins face-off versus John Tavares in Senateurs zone.
17:13 of 2nd period - John Tavares is hit by Jared Cowen and loses puck.
18:54 of 2nd period - Penalty to Garnet Hathaway is over, Garnet Hathaway is back on ice.
19:33 of 2nd period - Snap shot by Tim Schaller.
19:33 of 2nd period - Stopped by Matt Murray with a rebound.
19:35 of 2nd period - Slapshot by Tim Schaller.
19:35 of 2nd period - Shot Misses the Net.
Goals for this period are 0 for Senateurs vs 1 for Stars.
Shots for this period are 14 for Senateurs vs 9 for Stars.

3rd period


0:01 of 3rd period - Sean Bergenheim wins face-off versus John Tavares in neutral zone.
0:50 of 3rd period - Eric Gelinas is hit by Tobias Rieder and loses puck.
1:04 of 3rd period - Icing by Ladislav Smid.
1:05 of 3rd period - Sidney Crosby wins face-off versus John Tavares in Senateurs zone.
1:57 of 3rd period - Slapshot by Tim Schaller.
1:57 of 3rd period - Stopped by Matt Murray with a rebound.
1:59 of 3rd period - Snap shot by Tim Schaller.
1:59 of 3rd period - Stopped by Matt Murray without a rebound.
2:00 of 3rd period - John Tavares wins face-off versus Cody Eakin in Stars zone.
2:11 of 3rd period - Snap shot by Michael Grabner.
2:11 of 3rd period - Stopped by Brian Elliott without a rebound.
2:12 of 3rd period - John Tavares wins face-off versus Sidney Crosby in Senateurs zone.
3:06 of 3rd period - Backhand shot by Tim Schaller.
3:06 of 3rd period - Stopped by Matt Murray with a rebound.
3:14 of 3rd period - Minor Penalty to Brian Lee for High sticking.
3:15 of 3rd period - John Tavares wins face-off versus Sidney Crosby in Stars zone.
5:14 of 3rd period - Penalty to Brian Lee is over, Brian Lee is back on ice.
7:23 of 3rd period - Anton Cederholm is hit by Garnet Hathaway.
7:32 of 3rd period - Off-side.
7:33 of 3rd period - Evgeni Malkin wins face-off versus Evgeny Grachev in neutral zone.
7:56 of 3rd period - Sidney Crosby is hit by Paul Ladue and loses puck.
8:23 of 3rd period - Tobias Rieder is hit by Tim Schaller and loses puck.
8:34 of 3rd period - Wrist shot by Evgeny Grachev.
8:34 of 3rd period - Shot Blocked by Rostislav Olesz.
8:36 of 3rd period - Slapshot by Alex Chiasson.
8:36 of 3rd period - Shot Misses the Net.
8:38 of 3rd period - Wrist shot by Evgeny Grachev.
8:38 of 3rd period - Shot Blocked by Evgeni Malkin.
8:40 of 3rd period - Slapshot by Tyler Wotherspoon.
8:40 of 3rd period - Deflect By Andrew Ladd.
8:40 of 3rd period - Shot Blocked by Ladislav Smid.
8:40 of 3rd period - Puck is out of play.
8:41 of 3rd period - Sidney Crosby wins face-off versus Evgeny Grachev in Senateurs zone.
8:52 of 3rd period - Snap shot by Andrew Ladd.
8:52 of 3rd period - Stopped by Brian Elliott without a rebound.
8:53 of 3rd period - John Tavares wins face-off versus Michael Frolik in Senateurs zone.
8:56 of 3rd period - Wrist shot by John Tavares.
8:56 of 3rd period - Stopped by Brian Elliott with a rebound.
8:58 of 3rd period - Slapshot by Guillaume Latendresse.
8:58 of 3rd period - Stopped by Brian Elliott with a rebound.
9:00 of 3rd period - Wrist shot by Tyson Barrie.
9:00 of 3rd period - Stopped by Brian Elliott with a rebound.
9:02 of 3rd period - Slapshot by Anton Cederholm.
9:02 of 3rd period - Stopped by Brian Elliott with a rebound.
9:04 of 3rd period - Slapshot by Tyson Barrie.
9:04 of 3rd period - Stopped by Brian Elliott without a rebound.
9:05 of 3rd period - John Tavares wins face-off versus Sidney Crosby in Senateurs zone.
9:19 of 3rd period - Snap shot by John Tavares.
9:19 of 3rd period - Stopped by Brian Elliott without a rebound.
9:20 of 3rd period - Sidney Crosby wins face-off versus John Tavares in Senateurs zone.
9:29 of 3rd period - Snap shot by John Tavares.
9:29 of 3rd period - Stopped by Brian Elliott with a rebound.
9:31 of 3rd period - Slapshot by Anton Cederholm.
9:31 of 3rd period - Shot Blocked by Ladislav Smid.
9:33 of 3rd period - Snap shot by Michael Grabner.
9:33 of 3rd period - Stopped by Brian Elliott without a rebound.
9:34 of 3rd period - John Tavares wins face-off versus Sidney Crosby in Senateurs zone.
9:35 of 3rd period - Wrist shot by Michael Grabner.
9:35 of 3rd period - Shot Misses the Net.
10:22 of 3rd period - Cam Atkinson is hit by Eric Gelinas and loses puck.
10:29 of 3rd period - Backhand shot by Jason Akeson.
10:29 of 3rd period - Shot Blocked by Anton Cederholm.
10:49 of 3rd period - Jordan Schmaltz is hit by Anton Cederholm and loses puck.
10:54 of 3rd period - Snap shot by Cory Emmerton.
10:54 of 3rd period - Stopped by Brian Elliott without a rebound.
10:55 of 3rd period - John Tavares wins face-off versus Sidney Crosby in Senateurs zone.
11:58 of 3rd period - Wrist shot by Jonathan Drouin.
11:58 of 3rd period - Shot Misses the Net.
13:28 of 3rd period - Andrej Sustr is hit by Ladislav Smid and loses puck.
13:56 of 3rd period - Off-side.
13:57 of 3rd period - Sidney Crosby wins face-off versus John Tavares in neutral zone.
14:32 of 3rd period - Snap shot by Evgeni Malkin.
14:32 of 3rd period - Shot Blocked by Tyler Wotherspoon.
15:31 of 3rd period - Snap shot by Rostislav Olesz.
15:31 of 3rd period - Stopped by Matt Murray with a rebound.
15:33 of 3rd period - Slapshot by Michael Matheson.
15:33 of 3rd period - Shot Misses the Net.
15:35 of 3rd period - Slapshot by Evgeni Malkin.
15:35 of 3rd period - Stopped by Matt Murray with a rebound.
15:37 of 3rd period - Slapshot by Michael Matheson.
15:37 of 3rd period - Stopped by Matt Murray without a rebound.
15:38 of 3rd period - Cody Eakin wins face-off versus John Tavares in Stars zone.
16:13 of 3rd period - Slapshot by Cam Atkinson.
16:13 of 3rd period - Shot Misses the Net.
16:56 of 3rd period - Snap shot by Michael Frolik.
16:56 of 3rd period - Shot Blocked by Andrej Sustr.
17:16 of 3rd period - Wrist shot by Michael Frolik.
17:16 of 3rd period - Stopped by Matt Murray without a rebound.
17:17 of 3rd period - Tim Schaller wins face-off versus John Tavares in Stars zone.
17:24 of 3rd period - Wrist shot by John Tavares.
17:24 of 3rd period - Shot Misses the Net.
17:26 of 3rd period - Snap shot by Guillaume Latendresse.
17:26 of 3rd period - Stopped by Brian Elliott without a rebound.
17:27 of 3rd period - Cody Eakin wins face-off versus Evgeny Kuznetsov in Senateurs zone.
18:34 of 3rd period - Snap shot by Paul Ladue.
18:34 of 3rd period - Stopped by Brian Elliott with a rebound.
18:36 of 3rd period - Slapshot by Andrew Ladd.
18:36 of 3rd period - Shot Blocked by Michael Matheson.
19:04 of 3rd period - Slapshot by Tyson Barrie.
19:04 of 3rd period - Shot Misses the Net.
19:10 of 3rd period - Senateurs, Brian Elliott is pulled from the net.
19:16 of 3rd period - Snap shot by Sidney Crosby.
19:16 of 3rd period - Shot Misses the Net.
19:18 of 3rd period - Snap shot by Eric Gelinas.
19:18 of 3rd period - Shot Blocked by Michael Grabner.
19:20 of 3rd period - Wrist shot by Eric Gelinas.
19:20 of 3rd period - Shot Misses the Net.
19:32 of 3rd period - Snap shot by John Tavares.
19:32 of 3rd period - Shot Misses the Net.
Goals for this period are 0 for Senateurs vs 0 for Stars.
Shots for this period are 7 for Senateurs vs 13 for Stars.